Remparts vs Sewer Rats (R2)

Created - October 29, 2019 at 20:17

Goals
1 2 3 T
Remparts 2 1 3 6
Sewer Rats 2 0 1 3
Shots
1 2 3 T
Remparts 12 16 11 39
Sewer Rats 14 5 13 32

1st period

1. Sewer Rats , Jonathan Marchessault 2 (Erik Condra 2, Daniel Carr 3) at 15:56
2. Remparts , Sam Reinhart 2 (Guillaume Desbiens 3) at 16:31
3. Sewer Rats , Mark Mancari 5 (Tomas Tatar 3, Vincent Trocheck 11) at 16:39
4. Remparts , Cédric Lalonde-McNicoll 2 (William Colbert 1, Nail Yakupov 3) at 17:38 (PP)

Penalties :
Mark Mancari (Tol) for Hooking (Minor) at 17:01

2nd period

5. Remparts , Brendan Perlini 1 (Cédric Lalonde-McNicoll 4, Nail Yakupov 4) at 6:43 (PP)

Penalties :
Sam Reinhart (Que) for Hooking (Minor) at 2:00, Niklas Hansson (Que) for Tripping (Minor) at 2:16, John Ramage (Tol) for Roughing (Minor) at 5:50, Guillaume Desbiens (Que) for Hooking (Minor) at 8:38, Mark Mancari (Tol) for Hooking (Minor) at 8:51, Jonathan Racine (Tol) for Roughing (Minor) at 15:21

3rd period

6. Remparts , Nail Yakupov 2 (Cédric Lalonde-McNicoll 5, Griffin Reinhart 2) at 4:28
7. Sewer Rats , Daniel Carr 3 (Jonathan Marchessault 3) at 6:04
8. Remparts , Guillaume Desbiens 4 (Sam Reinhart 1) at 9:24 (PP)
9. Remparts , Cédric Lalonde-McNicoll 3 (Griffin Reinhart 3) at 19:20 (PP)

Penalties :
Mitchell Heard (Que) for Hooking (Minor) at 7:13, Nick Cousins (Tol) for Slashing (Minor) at 9:23, Stefan Elliott (Tol) for Tripping (Minor) at 12:33, William Colbert (Que) for Hooking (Minor) at 16:22, Martin Frk (Tol) for Interference (Minor) at 18:43

Goalie Stats

Igor Bobkov (Que), 29 saves from 32 shots - (0.906), W, 1-0-0, 60:00 minutes
Darcy Kuemper (Tol), 33 saves from 39 shots - (0.846), L, 1-1-0, 60:00 minutes

Players Stats for Remparts

Player Name              G  A  P  +/- PIM S  H  SB GA TA FO     MP     PP MP  PK MP  
------------------------------------------------------------------------------------
Anton Zlobin             0  0  0   0  0   1  0  0  0  0  1/1     8:19   0:00   0:00 
Brendan Perlini          1  0  1   1  0   3  0  0  1  0  0/0    15:43   3:11   0:00 
Cédric Lalonde-McNicoll  2  2  4   1  0   6  1  1  0  2  11/17  19:45   3:11   4:04 
Griffin Reinhart         0  2  2  -1  0   1  0  1  0  3  0/0    28:35   5:10   2:31 
Guillaume Desbiens       1  1  2  -2  2   5  2  4  2  0  3/3    20:57   3:08   2:48 
Jake Virtanen            0  0  0   0  0   0  0  0  0  1  0/0    11:32   0:00   1:43 
Keaton Thompson          0  0  0   0  0   0  0  0  0  0  0/0    10:47   0:00   0:39 
Kyle Platzer             0  0  0   0  0   1  1  0  0  0  2/4     8:39   0:00   0:00 
Matt Puempel             0  0  0   0  0   1  3  0  0  0  0/0     9:55   0:00   0:00 
Michal Jordan            0  0  0   0  0   3  1  2  0  0  0/0    19:12   1:09   2:09 
Mitchell Heard           0  0  0   0  2   4  2  0  0  0  2/5    10:27   0:00   0:52 
Nail Yakupov             1  2  3   1  0   3  1  0  0  0  0/0    16:24   3:11   0:00 
Niklas Hansson           0  0  0   0  2   3  2  0  0  1  0/0    20:13   1:09   2:51 
Pontus Aberg             0  0  0  -2  0   3  2  0  1  0  1/1    19:41   3:08   1:05 
Roberts Lipsbergs        0  0  0   0  0   1  1  0  0  1  0/0     9:29   0:00   0:36 
Sam Reinhart             1  1  2  -2  2   1  2  0  1  0  7/34   18:57   3:08   0:01 
Viktor Baldayev          0  0  0   0  0   0  2  0  0  0  0/0    11:48   0:00   1:27 
William Colbert          0  1  1  -1  2   3  3  2  0  2  0/0    29:37   5:10   3:14 

Players Stats for Sewer Rats

Player Name              G  A  P  +/- PIM S  H  SB GA TA FO     MP     PP MP  PK MP  
------------------------------------------------------------------------------------
Anthony Duclair          0  0  0   0  0   0  0  0  2  0  0/0     6:44   0:00   0:00 
Connor Carrick           0  0  0   1  0   0  0  2  0  1  0/0    11:01   0:00   1:47 
Daniel Carr              1  1  2   2  0   6  1  0  1  0  1/1    17:31   2:49   0:34 
Dmitrij Jaskin           0  0  0   0  0   0  0  0  0  0  0/0     7:46   0:05   0:00 
Erik Condra              0  1  1   2  0   0  2  1  1  1  0/0    17:27   2:49   1:26 
Jarred Tinordi           0  0  0   1  0   6  3  0  0  0  0/0    26:25   4:25   4:08 
Joel Edmundson           0  0  0  -1  0   0  1  3  1  0  0/0    20:33   2:01   2:11 
John Ramage              0  0  0  -1  2   1  0  2  0  0  0/0    20:16   2:01   1:55 
Jonathan Marchessault    1  1  2   2  0   4  0  0  0  0  7/11   16:01   2:49   0:00 
Jonathan Racine          0  0  0   0  2   0  0  0  0  0  0/0     4:16   0:00   0:00 
Joseph Blandisi          0  0  0   0  0   2  1  0  0  0  0/0     9:30   0:00   0:00 
Mark Mancari             1  0  1  -1  4   4  4  0  2  1  5/12   22:57   3:31   3:41 
Martin Frk               0  0  0   0  2   3  3  0  1  0  1/1    10:36   0:05   0:01 
Nick Cousins             0  0  0   0  2   0  0  0  0  0  4/6    11:12   0:05   0:50 
Ryan Murphy              0  0  0   1  0   0  0  1  0  0  0/0     9:14   0:00   0:00 
Stefan Elliott           0  0  0   1  2   3  1  0  0  1  0/0    25:04   4:25   2:37 
Tomas Tatar              0  1  1  -1  0   2  2  0  2  1  1/2    24:01   3:32   4:18 
Tyler Motte              0  0  0   0  0   0  0  0  0  0  0/1     6:44   0:00   0:00 
Vincent Trocheck         0  1  1  -1  0   1  1  1  0  0  19/31  20:42   3:32   1:48 
Xavier Ouellet           0  0  0   0  0   0  0  0  0  0  0/0     3:48   0:00   0:00 

3 Stars

1 - Cédric Lalonde-McNicoll (Que)
2 - Nail Yakupov (Que)
3 - Daniel Carr (Tol)

Power Play

Remparts - 4 on 7 Attempt(s) - 57.14%
Sewer Rats - 0 on 5 Attempt(s) - 0.00%

Penalty Kill

Remparts - 5 on 5 Attempt(s) - 100.00% - Score 0 goal in Penalty Kill
Sewer Rats - 3 on 7 Attempt(s) - 42.86% - Score 0 goal in Penalty Kill

Team Stat

Remparts - Hits : 23 - Faceoff Wins : 27 - Blocked Shots : 10 - Penalty Minutes : 10
Sewer Rats - Hits : 19 - Faceoff Wins : 38 - Blocked Shots : 10 - Penalty Minutes : 14

Official

Referees : Unknown
Linesman : Unknown

Game Notes

No Game Note

Finance

Level 1 -- Attendance: 1435 (71.75%) -- Ticket Income $50,225
Level 2 -- Attendance: 787 (78.70%) -- Ticket Income $13,379
Total Attendance: 2222 (74.07%)
Total Ticket Income: $63,604
Other Income: $3,180
Total Income: $66,784

Remparts

5 vs 5 Forward 
   Center                   Left Wing                Right Wing               Time % Phy DF OF 
 1 Sam Reinhart             Pontus Aberg             Guillaume Desbiens       40     1   2  2  
 2 Cédric Lalonde-McNicoll  Brendan Perlini          Nail Yakupov             30     1   2  2  
 3 Mitchell Heard           Matt Puempel             Jake Virtanen            20     1   2  2  
 4 Kyle Platzer             Roberts Lipsbergs        Anton Zlobin             10     1   2  2  

5 vs 5 Defense 
   Defense                  Defense                                           Time % Phy DF OF 
 1 William Colbert          Griffin Reinhart                                  40     1   2  2  
 2 Michal Jordan            Niklas Hansson                                    30     1   2  2  
 3 Viktor Baldayev          Keaton Thompson                                   20     1   2  2  
 4 William Colbert          Griffin Reinhart                                  10     1   2  2  

PowerPlay Forward 
   Center                   Left Wing                Right Wing               Time % Phy DF OF 
 1 Sam Reinhart             Pontus Aberg             Guillaume Desbiens       60     1   2  2  
 2 Cédric Lalonde-McNicoll  Brendan Perlini          Nail Yakupov             40     1   2  2  

PowerPlay Defense
   Defense                  Defense                                           Time % Phy DF OF 
 1 William Colbert          Griffin Reinhart                                  60     1   2  2  
 2 Michal Jordan            Niklas Hansson                                    40     1   2  2  

Penalty Kill 4 Players Forward 
   Center                   Wing                     Time % Phy DF OF 
 1 Cédric Lalonde-McNicoll  Guillaume Desbiens       60     1   2  2  
 2 Mitchell Heard           Pontus Aberg             40     1   2  2  

Penalty Kill 4 Players Defense
   Defense                  Defense                  Time % Phy DF OF 
 1 Niklas Hansson           William Colbert          60     1   2  2  
 2 Michal Jordan            Griffin Reinhart         40     1   2  2  

Penalty Kill - 3 Players Forward 
   Forward                                           Time % Phy DF OF 
 1 Cédric Lalonde-McNicoll                           60     1   2  2  
 2 Mitchell Heard                                    40     1   2  2  

Penalty Kill - 3 Players Defense
   Defense                  Defense                  Time % Phy DF OF 
 1 Niklas Hansson           William Colbert          60     1   2  2  
 2 Michal Jordan            Griffin Reinhart         40     1   2  2  

4 vs 4 Forward 
   Center                   Wing                     Time % Phy DF OF 
 1 Sam Reinhart             Guillaume Desbiens       60     1   2  2  
 2 Cédric Lalonde-McNicoll  Nail Yakupov             40     1   2  2  

4 vs 4 Defense
   Defense                  Defense                  Time % Phy DF OF 
 1 William Colbert          Griffin Reinhart         60     1   2  2  
 2 Michal Jordan            Niklas Hansson           40     1   2  2  

Last Minutes Offensive
   Center                   Left Wing                Right Wing               Defense                  Defense                  
   Sam Reinhart             Pontus Aberg             Guillaume Desbiens       Griffin Reinhart         William Colbert          

Last Minutes Defensive
   Center                   Left Wing                Right Wing               Defense                  Defense                  
   Cédric Lalonde-McNicoll  Pontus Aberg             Guillaume Desbiens       Niklas Hansson           William Colbert          

Goaltenders
Starting : Igor Bobkov              
Backup : Tyler Plante             

Extra Forwards
Normal : Nail Yakupov, Sam Reinhart, Pontus Aberg - PP : Nail Yakupov, Sam Reinhart - PK : Jake Virtanen
Extra Defensemen
Normal : Niklas Hansson, Griffin Reinhart, William Colbert - PP : Viktor Baldayev - PK : Griffin Reinhart, Michal Jordan
Penalty Shots
Sam Reinhart, Pontus Aberg, Guillaume Desbiens, Nail Yakupov, Jake Virtanen

Scratches
Juuso Ikonen (Healthy), Michael Downing (Healthy), Colin Smith (Healthy), Connor Honey (Healthy), Tim Bozon (Healthy)
Nelson Nogier (Healthy), Marek Langhamer (Healthy)

Sewer Rats

5 vs 5 Forward 
   Center                   Left Wing                Right Wing               Time % Phy DF OF 
 1 Vincent Trocheck         Tomas Tatar              Mark Mancari             40     1   2  2  
 2 Jonathan Marchessault    Daniel Carr              Erik Condra              30     1   2  2  
 3 Nick Cousins             Joseph Blandisi          Martin Frk               20     1   2  2  
 4 Tyler Motte              Anthony Duclair          Dmitrij Jaskin           10     1   2  2  

5 vs 5 Defense 
   Defense                  Defense                                           Time % Phy DF OF 
 1 Jarred Tinordi           Stefan Elliott                                    40     1   2  2  
 2 Joel Edmundson           John Ramage                                       30     1   2  2  
 3 Ryan Murphy              Connor Carrick                                    20     1   2  2  
 4 Xavier Ouellet           Jonathan Racine                                   10     1   2  2  

PowerPlay Forward 
   Center                   Left Wing                Right Wing               Time % Phy DF OF 
 1 Vincent Trocheck         Tomas Tatar              Mark Mancari             60     1   2  2  
 2 Jonathan Marchessault    Daniel Carr              Erik Condra              40     1   2  2  

PowerPlay Defense
   Defense                  Defense                                           Time % Phy DF OF 
 1 Jarred Tinordi           Stefan Elliott                                    60     1   2  2  
 2 Joel Edmundson           John Ramage                                       40     1   2  2  

Penalty Kill 4 Players Forward 
   Center                   Wing                     Time % Phy DF OF 
 1 Mark Mancari             Tomas Tatar              60     1   2  2  
 2 Erik Condra              Vincent Trocheck         40     1   2  2  

Penalty Kill 4 Players Defense
   Defense                  Defense                  Time % Phy DF OF 
 1 Jarred Tinordi           Stefan Elliott           60     1   2  2  
 2 Joel Edmundson           John Ramage              40     1   2  2  

Penalty Kill - 3 Players Forward 
   Forward                                           Time % Phy DF OF 
 1 Mark Mancari                                      60     1   2  2  
 2 Tomas Tatar                                       40     1   2  2  

Penalty Kill - 3 Players Defense
   Defense                  Defense                  Time % Phy DF OF 
 1 Jarred Tinordi           Stefan Elliott           60     1   2  2  
 2 Joel Edmundson           John Ramage              40     1   2  2  

4 vs 4 Forward 
   Center                   Wing                     Time % Phy DF OF 
 1 Mark Mancari             Tomas Tatar              60     1   2  2  
 2 Erik Condra              Vincent Trocheck         40     1   2  2  

4 vs 4 Defense
   Defense                  Defense                  Time % Phy DF OF 
 1 Jarred Tinordi           Stefan Elliott           60     1   2  2  
 2 Joel Edmundson           John Ramage              40     1   2  2  

Last Minutes Offensive
   Center                   Left Wing                Right Wing               Defense                  Defense                  
   Vincent Trocheck         Tomas Tatar              Mark Mancari             Jarred Tinordi           Stefan Elliott           

Last Minutes Defensive
   Center                   Left Wing                Right Wing               Defense                  Defense                  
   Vincent Trocheck         Tomas Tatar              Mark Mancari             Jarred Tinordi           Stefan Elliott           

Goaltenders
Starting : Darcy Kuemper            
Backup : Marek Mazanek            

Extra Forwards
Normal : Martin Frk, Dmitrij Jaskin, Nick Cousins - PP : Martin Frk, Dmitrij Jaskin - PK : Nick Cousins
Extra Defensemen
Normal : Ryan Murphy, Connor Carrick, Xavier Ouellet - PP : Ryan Murphy - PK : Connor Carrick, Xavier Ouellet
Penalty Shots
Mark Mancari, Tomas Tatar, Erik Condra, Vincent Trocheck, Daniel Carr

Scratches
Dominik Kubalik (Healthy), Josh Archibald (Healthy), Chris Calhan (Healthy), Jared McCann (Sprained Left Knee Injury), Mark Friedman (Healthy)
Michael Dal Colle (Healthy), Matteson Iacopelli (Healthy), Sergei Kostenko (Healthy), Antoine Bibeau (Healthy)

% Time on Ice - Remparts

Lines # - Real PCT - Wanted PCT - Time Play
Normal Forward
1 - 33% - 40% - 15:02
2 - 28% - 30% - 12:33
3 - 21% - 20% - 9:35
4 - 18% - 10% - 8:19
Normal Defense
1 - 40% - 40% - 18:17
2 - 34% - 30% - 15:17
3 - 22% - 20% - 10:07
4 - 4% - 10% - 1:48
PP Forward
1 - 50% - 60% - 3:08
2 - 50% - 40% - 3:11
PP Defense
1 - 82% - 60% - 5:10
2 - 18% - 40% - 1:09
PK Forward
1 - 77% - 60% - 3:38
2 - 23% - 40% - 1:05
PK Defense
1 - 88% - 60% - 4:08
2 - 12% - 40% - 0:35
PK3 Forward
1 - 75% - 60% - 1:17
2 - 25% - 40% - 0:26
PK3 Defense
1 - 63% - 60% - 1:05
2 - 37% - 40% - 0:38
44 Forward
1 - 100% - 60% - 1:46
2 - 0% - 40% - 0:00
44 Defense
1 - 65% - 60% - 1:09
2 - 35% - 40% - 0:37
Last Minute Offensive  - 0:00
Last Minute Defensive  - 0:00
Total
Forward - 60:00
Defense - 60:00

% Time on Ice - Sewer Rats

Lines # - Real PCT - Wanted PCT - Time Play
Normal Forward
1 - 35% - 40% - 15:48
2 - 30% - 30% - 13:27
3 - 21% - 20% - 9:30
4 - 15% - 10% - 6:44
Normal Defense
1 - 37% - 40% - 16:53
2 - 34% - 30% - 15:34
3 - 20% - 20% - 9:14
4 - 8% - 10% - 3:48
PP Forward
1 - 56% - 60% - 3:37
2 - 44% - 40% - 2:49
PP Defense
1 - 69% - 60% - 4:25
2 - 31% - 40% - 2:01
PK Forward
1 - 77% - 60% - 4:53
2 - 23% - 40% - 1:26
PK Defense
1 - 65% - 60% - 4:08
2 - 35% - 40% - 2:11
PK3 Forward
1 - 0% - 60%
2 - 0% - 40%
PK3 Defense
1 - 0% - 60%
2 - 0% - 40%
44 Forward
1 - 100% - 60% - 1:46
2 - 0% - 40% - 0:00
44 Defense
1 - 56% - 60% - 0:59
2 - 44% - 40% - 0:47
Last Minute Offensive  - 0:00
Last Minute Defensive  - 0:00
Total
Forward - 60:00
Defense - 60:00

Play-by-Play

1st period


0:01 of 1st period - Vincent Trocheck wins face-off versus Sam Reinhart in neutral zone.
0:10 of 1st period - Wrist shot by Vincent Trocheck.
0:10 of 1st period - Shot Misses the Net.
0:54 of 1st period - Wrist shot by Martin Frk.
0:54 of 1st period - Shot Misses the Net.
1:53 of 1st period - Snap shot by Daniel Carr.
1:53 of 1st period - Stopped by Igor Bobkov with a rebound.
2:19 of 1st period - Snap shot by Martin Frk.
2:19 of 1st period - Stopped by Igor Bobkov with a rebound.
2:25 of 1st period - Ryan Murphy is hit by Kyle Platzer and loses puck.
3:21 of 1st period - Icing by Erik Condra.
3:22 of 1st period - Jonathan Marchessault wins face-off versus Cédric Lalonde-McNicoll in Sewer Rats zone.
3:33 of 1st period - Snap shot by Jonathan Marchessault.
3:33 of 1st period - Shot Hit the Post.
3:37 of 1st period - Snap shot by Erik Condra.
3:37 of 1st period - Shot Misses the Net.
3:39 of 1st period - Snap shot by Daniel Carr.
3:39 of 1st period - Stopped by Igor Bobkov with a rebound.
3:49 of 1st period - Wrist shot by Jonathan Marchessault.
3:49 of 1st period - Shot Misses the Net.
3:51 of 1st period - Snap shot by Daniel Carr.
3:51 of 1st period - Shot Blocked by Cédric Lalonde-McNicoll.
3:53 of 1st period - Backhand shot by Jarred Tinordi.
3:53 of 1st period - Deflect By Cédric Lalonde-McNicoll.
3:53 of 1st period - Stopped by Igor Bobkov with a rebound.
3:55 of 1st period - Slapshot by Jarred Tinordi.
3:55 of 1st period - Stopped by Igor Bobkov with a rebound.
3:57 of 1st period - Slapshot by Jarred Tinordi.
3:57 of 1st period - Stopped by Igor Bobkov without a rebound.
3:58 of 1st period - Vincent Trocheck wins face-off versus Sam Reinhart in Remparts zone.
4:52 of 1st period - Wrist shot by Kyle Platzer.
4:52 of 1st period - Shot Blocked by Connor Carrick.
5:10 of 1st period - Wrist shot by Cédric Lalonde-McNicoll.
5:10 of 1st period - Stopped by Darcy Kuemper with a rebound.
5:12 of 1st period - Slapshot by William Colbert.
5:12 of 1st period - Stopped by Darcy Kuemper with a rebound.
5:30 of 1st period - Wrist shot by Guillaume Desbiens.
5:30 of 1st period - Shot Misses the Net.
5:32 of 1st period - Slapshot by Keaton Thompson.
5:32 of 1st period - Shot Misses the Net.
5:34 of 1st period - Slapshot by Viktor Baldayev.
5:34 of 1st period - Shot Blocked by Erik Condra.
5:56 of 1st period - Snap shot by Anton Zlobin.
5:56 of 1st period - Shot Misses the Net.
6:14 of 1st period - Tomas Tatar is hit by Matt Puempel and loses puck.
6:31 of 1st period - Snap shot by Nick Cousins.
6:31 of 1st period - Shot Misses the Net.
8:01 of 1st period - Mitchell Heard is hit by Mark Mancari and loses puck.
8:15 of 1st period - Icing by Griffin Reinhart.
8:16 of 1st period - Mitchell Heard wins face-off versus Jonathan Marchessault in Remparts zone.
8:31 of 1st period - Snap shot by Matt Puempel.
8:31 of 1st period - Stopped by Darcy Kuemper without a rebound.
8:32 of 1st period - Vincent Trocheck wins face-off versus Sam Reinhart in Sewer Rats zone.
8:32 of 1st period - Vincent Trocheck is hit by Pontus Aberg.
8:58 of 1st period - Kyle Platzer is hit by Martin Frk and loses puck.
9:03 of 1st period - Snap shot by Martin Frk.
9:03 of 1st period - Stopped by Igor Bobkov with a rebound.
9:05 of 1st period - Snap shot by Stefan Elliott.
9:05 of 1st period - Stopped by Igor Bobkov with a rebound.
9:07 of 1st period - Slapshot by Stefan Elliott.
9:07 of 1st period - Stopped by Igor Bobkov without a rebound.
9:08 of 1st period - Sam Reinhart wins face-off versus Jonathan Marchessault in Remparts zone.
9:18 of 1st period - Pontus Aberg is hit by Jarred Tinordi and loses puck.
9:23 of 1st period - Snap shot by Daniel Carr.
9:23 of 1st period - Shot Misses the Net.
9:33 of 1st period - Stefan Elliott is hit by Nail Yakupov and loses puck.
9:52 of 1st period - Martin Frk is hit by Matt Puempel and loses puck.
10:15 of 1st period - Joel Edmundson is hit by Roberts Lipsbergs and loses puck.
10:40 of 1st period - Wrist shot by Pontus Aberg.
10:40 of 1st period - Shot Hit the Post.
10:42 of 1st period - Snap shot by Niklas Hansson.
10:42 of 1st period - Deflect By Jonathan Marchessault.
10:42 of 1st period - Stopped by Darcy Kuemper without a rebound.
10:43 of 1st period - Mark Mancari wins face-off versus Sam Reinhart in Sewer Rats zone.
10:43 of 1st period - Mark Mancari is hit by Sam Reinhart.
10:51 of 1st period - Snap shot by Mark Mancari.
10:51 of 1st period - Stopped by Igor Bobkov with a rebound.
11:28 of 1st period - Snap shot by Mitchell Heard.
11:28 of 1st period - Stopped by Darcy Kuemper without a rebound.
11:29 of 1st period - Nick Cousins wins face-off versus Mitchell Heard in Sewer Rats zone.
12:07 of 1st period - Snap shot by Matt Puempel.
12:07 of 1st period - Shot Misses the Net.
12:09 of 1st period - Slapshot by Griffin Reinhart.
12:09 of 1st period - Shot Blocked by Ryan Murphy.
12:35 of 1st period - Snap shot by Mitchell Heard.
12:35 of 1st period - Stopped by Darcy Kuemper with a rebound.
12:37 of 1st period - Wrist shot by Mitchell Heard.
12:37 of 1st period - Stopped by Darcy Kuemper without a rebound.
12:38 of 1st period - Vincent Trocheck wins face-off versus Sam Reinhart in Sewer Rats zone.
13:03 of 1st period - Brendan Perlini is hit by Erik Condra and loses puck.
14:08 of 1st period - Snap shot by Cédric Lalonde-McNicoll.
14:08 of 1st period - Stopped by Darcy Kuemper with a rebound.
15:03 of 1st period - Martin Frk is hit by Matt Puempel.
15:15 of 1st period - Wrist shot by Pontus Aberg.
15:15 of 1st period - Stopped by Darcy Kuemper without a rebound.
15:16 of 1st period - Jonathan Marchessault wins face-off versus Sam Reinhart in Sewer Rats zone.
15:21 of 1st period - Griffin Reinhart is hit by Daniel Carr and loses puck.
15:36 of 1st period - Snap shot by Daniel Carr.
15:36 of 1st period - Shot Misses the Net.
15:38 of 1st period - Wrist shot by Daniel Carr.
15:38 of 1st period - Stopped by Igor Bobkov with a rebound.
15:44 of 1st period - Wrist shot by Jonathan Marchessault.
15:44 of 1st period - Shot Blocked by Guillaume Desbiens.
15:46 of 1st period - Wrist shot by Erik Condra.
15:46 of 1st period - Shot Blocked by Guillaume Desbiens.
15:48 of 1st period - Snap shot by Erik Condra.
15:48 of 1st period - Shot Hit the Post.
15:56 of 1st period - Backhand shot by Jonathan Marchessault.
15:56 of 1st period - Goal by Jonathan Marchessault - Remparts : 0 - Sewer Rats : 1.
15:57 of 1st period - Vincent Trocheck wins face-off versus Cédric Lalonde-McNicoll in neutral zone.
16:12 of 1st period - Snap shot by Mark Mancari.
16:12 of 1st period - Deflect By Vincent Trocheck.
16:12 of 1st period - Shot Blocked by Michal Jordan.
16:12 of 1st period - Puck is out of play.
16:13 of 1st period - Vincent Trocheck wins face-off versus Sam Reinhart in Remparts zone.
16:23 of 1st period - Icing by Mark Mancari.
16:24 of 1st period - Sam Reinhart wins face-off versus Tomas Tatar in Sewer Rats zone.
16:27 of 1st period - Snap shot by Guillaume Desbiens.
16:27 of 1st period - Stopped by Darcy Kuemper without a rebound.
16:28 of 1st period - Guillaume Desbiens wins face-off versus Vincent Trocheck in Sewer Rats zone.
16:31 of 1st period - Slapshot by Sam Reinhart.
16:31 of 1st period - Goal by Sam Reinhart - Remparts : 1 - Sewer Rats : 1.
16:32 of 1st period - Vincent Trocheck wins face-off versus Sam Reinhart in neutral zone.
16:39 of 1st period - Slapshot by Tomas Tatar.
16:39 of 1st period - Deflect By Mark Mancari.
16:39 of 1st period - Goal by Mark Mancari - Remparts : 1 - Sewer Rats : 2.
16:40 of 1st period - Sam Reinhart wins face-off versus Vincent Trocheck in neutral zone.
16:46 of 1st period - Off-side.
16:47 of 1st period - Sam Reinhart wins face-off versus Vincent Trocheck in neutral zone.
17:01 of 1st period - Minor Penalty to Mark Mancari for Hooking.
17:02 of 1st period - Nick Cousins wins face-off versus Sam Reinhart in Sewer Rats zone.
17:38 of 1st period - Slapshot by Cédric Lalonde-McNicoll.
17:38 of 1st period - Goal by Cédric Lalonde-McNicoll - Remparts : 2 - Sewer Rats : 2.
17:39 of 1st period - Vincent Trocheck wins face-off versus Sam Reinhart in neutral zone.
17:48 of 1st period - Snap shot by Mark Mancari.
17:48 of 1st period - Shot Blocked by William Colbert.
17:50 of 1st period - Slapshot by Jarred Tinordi.
17:50 of 1st period - Shot Blocked by William Colbert.
17:54 of 1st period - Snap shot by Tomas Tatar.
17:54 of 1st period - Shot Misses the Net.
18:30 of 1st period - Off-side.
18:31 of 1st period - Mitchell Heard wins face-off versus Tyler Motte in neutral zone.
19:07 of 1st period - Off-side.
19:08 of 1st period - Vincent Trocheck wins face-off versus Sam Reinhart in neutral zone.
19:42 of 1st period - Slapshot by Nail Yakupov.
19:42 of 1st period - Shot Misses the Net.
19:44 of 1st period - Snap shot by Nail Yakupov.
19:44 of 1st period - Shot Misses the Net.
19:54 of 1st period - Slapshot by Jarred Tinordi.
19:54 of 1st period - Stopped by Igor Bobkov without a rebound.
19:55 of 1st period - Kyle Platzer wins face-off versus Nick Cousins in Remparts zone.
19:55 of 1st period - Kyle Platzer is hit by Martin Frk.
Goals for this period are 2 for Remparts vs 2 for Sewer Rats.
Shots for this period are 12 for Remparts vs 14 for Sewer Rats.

2nd period


0:01 of 2nd period - Vincent Trocheck wins face-off versus Sam Reinhart in neutral zone.
0:08 of 2nd period - Snap shot by Mark Mancari.
0:08 of 2nd period - Shot Blocked by Guillaume Desbiens.
0:51 of 2nd period - Wrist shot by Anton Zlobin.
0:51 of 2nd period - Shot Misses the Net.
1:34 of 2nd period - Wrist shot by Tomas Tatar.
1:34 of 2nd period - Shot Blocked by Guillaume Desbiens.
1:52 of 2nd period - Snap shot by Cédric Lalonde-McNicoll.
1:52 of 2nd period - Stopped by Darcy Kuemper without a rebound.
1:53 of 2nd period - Vincent Trocheck wins face-off versus Sam Reinhart in Sewer Rats zone.
1:53 of 2nd period - Vincent Trocheck is hit by Pontus Aberg.
2:00 of 2nd period - Minor Penalty to Sam Reinhart for Hooking.
2:01 of 2nd period - Vincent Trocheck wins face-off versus Cédric Lalonde-McNicoll in Remparts zone.
2:16 of 2nd period - Minor Penalty to Niklas Hansson for Tripping.
2:17 of 2nd period - Vincent Trocheck wins face-off versus Cédric Lalonde-McNicoll in Remparts zone.
2:55 of 2nd period - Cédric Lalonde-McNicoll is hit by Tomas Tatar and loses puck.
3:10 of 2nd period - Snap shot by Jarred Tinordi.
3:10 of 2nd period - Stopped by Igor Bobkov without a rebound.
3:11 of 2nd period - Jonathan Marchessault wins face-off versus Cédric Lalonde-McNicoll in Remparts zone.
3:18 of 2nd period - Wrist shot by Jonathan Marchessault.
3:18 of 2nd period - Stopped by Igor Bobkov without a rebound.
3:19 of 2nd period - Cédric Lalonde-McNicoll wins face-off versus Jonathan Marchessault in Remparts zone.
3:38 of 2nd period - Mitchell Heard is hit by Erik Condra and loses puck.
4:00 of 2nd period - Penalty to Sam Reinhart is over, Sam Reinhart is back on ice.
4:16 of 2nd period - Penalty to Niklas Hansson is over, Niklas Hansson is back on ice.
4:28 of 2nd period - Snap shot by Jonathan Marchessault.
4:28 of 2nd period - Stopped by Igor Bobkov without a rebound.
4:29 of 2nd period - Anton Zlobin wins face-off versus Vincent Trocheck in Remparts zone.
4:36 of 2nd period - Snap shot by Tomas Tatar.
4:36 of 2nd period - Deflect By Vincent Trocheck.
4:36 of 2nd period - Shot Misses the Net.
4:36 of 2nd period - Puck is out of play.
4:37 of 2nd period - Kyle Platzer wins face-off versus Vincent Trocheck in Remparts zone.
5:26 of 2nd period - Snap shot by Cédric Lalonde-McNicoll.
5:26 of 2nd period - Deflect By Nail Yakupov.
5:26 of 2nd period - Stopped by Darcy Kuemper with a rebound.
5:28 of 2nd period - Slapshot by Nail Yakupov.
5:28 of 2nd period - Stopped by Darcy Kuemper without a rebound.
5:29 of 2nd period - Mark Mancari wins face-off versus Sam Reinhart in Sewer Rats zone.
5:42 of 2nd period - Slapshot by Guillaume Desbiens.
5:42 of 2nd period - Stopped by Darcy Kuemper with a rebound.
5:50 of 2nd period - Minor Penalty to John Ramage for Roughing.
5:51 of 2nd period - Mark Mancari wins face-off versus Sam Reinhart in Sewer Rats zone.
6:34 of 2nd period - Mark Mancari is hit by Cédric Lalonde-McNicoll and loses puck.
6:43 of 2nd period - Wrist shot by Cédric Lalonde-McNicoll.
6:43 of 2nd period - Deflect By Brendan Perlini.
6:43 of 2nd period - Goal by Brendan Perlini - Remparts : 3 - Sewer Rats : 2.
6:44 of 2nd period - Jonathan Marchessault wins face-off versus Sam Reinhart in neutral zone.
7:06 of 2nd period - Daniel Carr is hit by Niklas Hansson and loses puck.
7:19 of 2nd period - Snap shot by Vincent Trocheck.
7:19 of 2nd period - Shot Blocked by Michal Jordan.
7:21 of 2nd period - Snap shot by Vincent Trocheck.
7:21 of 2nd period - Stopped by Igor Bobkov with a rebound.
7:23 of 2nd period - Slapshot by Stefan Elliott.
7:23 of 2nd period - Deflect By Niklas Hansson.
7:23 of 2nd period - Stopped by Igor Bobkov with a rebound.
7:45 of 2nd period - Tyler Motte is hit by Mitchell Heard.
7:59 of 2nd period - Slapshot by Michal Jordan.
7:59 of 2nd period - Stopped by Darcy Kuemper with a rebound.
8:01 of 2nd period - Wrist shot by Roberts Lipsbergs.
8:01 of 2nd period - Shot Misses the Net.
8:03 of 2nd period - Snap shot by Roberts Lipsbergs.
8:03 of 2nd period - Shot Misses the Net.
8:10 of 2nd period - Off-side.
8:11 of 2nd period - Mark Mancari wins face-off versus Sam Reinhart in neutral zone.
8:15 of 2nd period - Off-side.
8:16 of 2nd period - Vincent Trocheck wins face-off versus Sam Reinhart in neutral zone.
8:19 of 2nd period - William Colbert is hit by Mark Mancari and loses puck.
8:38 of 2nd period - Minor Penalty to Guillaume Desbiens for Hooking.
8:39 of 2nd period - Cédric Lalonde-McNicoll wins face-off versus Vincent Trocheck in Remparts zone.
8:51 of 2nd period - Minor Penalty to Mark Mancari for Hooking.
8:52 of 2nd period - Martin Frk wins face-off versus Sam Reinhart in Sewer Rats zone.
9:25 of 2nd period - Pontus Aberg is hit by Joel Edmundson and loses puck.
9:42 of 2nd period - Slapshot by Griffin Reinhart.
9:42 of 2nd period - Shot Blocked by Joel Edmundson.
9:56 of 2nd period - Jarred Tinordi is hit by William Colbert and loses puck.
10:38 of 2nd period - Penalty to Guillaume Desbiens is over, Guillaume Desbiens is back on ice.
10:51 of 2nd period - Penalty to Mark Mancari is over, Mark Mancari is back on ice.
11:04 of 2nd period - Snap shot by Guillaume Desbiens.
11:04 of 2nd period - Shot Blocked by John Ramage.
11:06 of 2nd period - Slapshot by Michal Jordan.
11:06 of 2nd period - Stopped by Darcy Kuemper with a rebound.
11:16 of 2nd period - Wrist shot by Pontus Aberg.
11:16 of 2nd period - Stopped by Darcy Kuemper with a rebound.
11:20 of 2nd period - Snap shot by Guillaume Desbiens.
11:20 of 2nd period - Stopped by Darcy Kuemper with a rebound.
11:24 of 2nd period - Wrist shot by Guillaume Desbiens.
11:24 of 2nd period - Stopped by Darcy Kuemper without a rebound.
11:25 of 2nd period - Nick Cousins wins face-off versus Cédric Lalonde-McNicoll in Sewer Rats zone.
13:54 of 2nd period - Niklas Hansson is hit by Mark Mancari and loses puck.
14:01 of 2nd period - Snap shot by Mark Mancari.
14:01 of 2nd period - Shot Misses the Net.
14:26 of 2nd period - Wrist shot by Erik Condra.
14:26 of 2nd period - Shot Blocked by Griffin Reinhart.
14:38 of 2nd period - Mark Mancari is hit by Mitchell Heard and loses puck.
15:21 of 2nd period - Minor Penalty to Jonathan Racine for Roughing.
15:22 of 2nd period - Guillaume Desbiens wins face-off versus Mark Mancari in Sewer Rats zone.
15:59 of 2nd period - Snap shot by Michal Jordan.
15:59 of 2nd period - Shot Misses the Net.
16:01 of 2nd period - Snap shot by Brendan Perlini.
16:01 of 2nd period - Stopped by Darcy Kuemper with a rebound.
16:03 of 2nd period - Slapshot by Michal Jordan.
16:03 of 2nd period - Stopped by Darcy Kuemper without a rebound.
16:04 of 2nd period - Cédric Lalonde-McNicoll wins face-off versus Mark Mancari in Sewer Rats zone.
17:14 of 2nd period - Slapshot by William Colbert.
17:14 of 2nd period - Shot Blocked by Vincent Trocheck.
17:21 of 2nd period - Penalty to Jonathan Racine is over, Jonathan Racine is back on ice.
17:49 of 2nd period - Slapshot by William Colbert.
17:49 of 2nd period - Stopped by Darcy Kuemper without a rebound.
17:50 of 2nd period - Jonathan Marchessault wins face-off versus Mitchell Heard in Sewer Rats zone.
18:16 of 2nd period - Michal Jordan is hit by Joseph Blandisi and loses puck.
18:24 of 2nd period - Icing by Roberts Lipsbergs.
18:25 of 2nd period - Jonathan Marchessault wins face-off versus Kyle Platzer in Remparts zone.
19:01 of 2nd period - Snap shot by Anton Zlobin.
19:01 of 2nd period - Shot Misses the Net.
19:03 of 2nd period - Wrist shot by Roberts Lipsbergs.
19:03 of 2nd period - Stopped by Darcy Kuemper with a rebound.
19:05 of 2nd period - Slapshot by Niklas Hansson.
19:05 of 2nd period - Stopped by Darcy Kuemper with a rebound.
19:13 of 2nd period - Wrist shot by Kyle Platzer.
19:13 of 2nd period - Shot Blocked by John Ramage.
19:15 of 2nd period - Snap shot by Niklas Hansson.
19:15 of 2nd period - Shot Blocked by Joel Edmundson.
19:17 of 2nd period - Slapshot by Niklas Hansson.
19:17 of 2nd period - Stopped by Darcy Kuemper without a rebound.
19:18 of 2nd period - Sam Reinhart wins face-off versus Vincent Trocheck in Sewer Rats zone.
19:43 of 2nd period - Jonathan Marchessault is hit by Viktor Baldayev and loses puck.
Goals for this period are 1 for Remparts vs 0 for Sewer Rats.
Shots for this period are 16 for Remparts vs 5 for Sewer Rats.

3rd period


0:01 of 3rd period - Vincent Trocheck wins face-off versus Sam Reinhart in neutral zone.
1:31 of 3rd period - Off-side.
1:32 of 3rd period - Sam Reinhart wins face-off versus Vincent Trocheck in neutral zone.
2:23 of 3rd period - Nick Cousins is hit by William Colbert and loses puck.
2:28 of 3rd period - Slapshot by Mitchell Heard.
2:28 of 3rd period - Stopped by Darcy Kuemper with a rebound.
3:04 of 3rd period - John Ramage is hit by Sam Reinhart and loses puck.
3:29 of 3rd period - Slapshot by Daniel Carr.
3:29 of 3rd period - Stopped by Igor Bobkov without a rebound.
3:30 of 3rd period - Cédric Lalonde-McNicoll wins face-off versus Vincent Trocheck in Remparts zone.
3:30 of 3rd period - Cédric Lalonde-McNicoll is hit by Mark Mancari.
3:46 of 3rd period - Snap shot by Cédric Lalonde-McNicoll.
3:46 of 3rd period - Shot Misses the Net.
4:00 of 3rd period - Snap shot by Cédric Lalonde-McNicoll.
4:00 of 3rd period - Stopped by Darcy Kuemper with a rebound.
4:02 of 3rd period - Slapshot by Brendan Perlini.
4:02 of 3rd period - Stopped by Darcy Kuemper with a rebound.
4:26 of 3rd period - Snap shot by Cédric Lalonde-McNicoll.
4:26 of 3rd period - Shot Misses the Net.
4:28 of 3rd period - Snap shot by Nail Yakupov.
4:28 of 3rd period - Goal by Nail Yakupov - Remparts : 4 - Sewer Rats : 2.
4:29 of 3rd period - Daniel Carr wins face-off versus Sam Reinhart in neutral zone.
5:46 of 3rd period - Wrist shot by Tomas Tatar.
5:46 of 3rd period - Stopped by Igor Bobkov with a rebound.
5:52 of 3rd period - Snap shot by Mark Mancari.
5:52 of 3rd period - Shot Misses the Net.
6:04 of 3rd period - Snap shot by Daniel Carr.
6:04 of 3rd period - Goal by Daniel Carr - Remparts : 4 - Sewer Rats : 3.
6:05 of 3rd period - Vincent Trocheck wins face-off versus Sam Reinhart in neutral zone.
6:05 of 3rd period - Vincent Trocheck is hit by Guillaume Desbiens.
6:10 of 3rd period - Stefan Elliott is hit by Guillaume Desbiens and loses puck.
6:21 of 3rd period - Wrist shot by Mark Mancari.
6:21 of 3rd period - Deflect By Tomas Tatar.
6:21 of 3rd period - Stopped by Igor Bobkov with a rebound.
7:05 of 3rd period - Wrist shot by Martin Frk.
7:05 of 3rd period - Stopped by Igor Bobkov with a rebound.
7:07 of 3rd period - Snap shot by Joseph Blandisi.
7:07 of 3rd period - Stopped by Igor Bobkov with a rebound.
7:13 of 3rd period - Minor Penalty to Mitchell Heard for Hooking.
7:14 of 3rd period - Cédric Lalonde-McNicoll wins face-off versus Vincent Trocheck in Remparts zone.
7:14 of 3rd period - Cédric Lalonde-McNicoll is hit by Vincent Trocheck.
7:28 of 3rd period - Wrist shot by Mark Mancari.
7:28 of 3rd period - Stopped by Igor Bobkov without a rebound.
7:29 of 3rd period - Cédric Lalonde-McNicoll wins face-off versus Vincent Trocheck in Remparts zone.
7:44 of 3rd period - Wrist shot by Tomas Tatar.
7:44 of 3rd period - Shot Misses the Net.
8:14 of 3rd period - Daniel Carr is hit by Niklas Hansson and loses puck.
8:26 of 3rd period - Icing by Stefan Elliott.
8:27 of 3rd period - Cédric Lalonde-McNicoll wins face-off versus Jonathan Marchessault in Sewer Rats zone.
8:48 of 3rd period - Snap shot by Mark Mancari.
8:48 of 3rd period - Stopped by Igor Bobkov with a rebound.
9:13 of 3rd period - Penalty to Mitchell Heard is over, Mitchell Heard is back on ice.
9:23 of 3rd period - Minor Penalty to Nick Cousins for Slashing.
9:24 of 3rd period - Sam Reinhart wins face-off versus Mark Mancari in Sewer Rats zone.
9:24 of 3rd period - Wrist shot by Guillaume Desbiens.
9:24 of 3rd period - Goal by Guillaume Desbiens - Remparts : 5 - Sewer Rats : 3.
9:25 of 3rd period - Vincent Trocheck wins face-off versus Sam Reinhart in neutral zone.
9:40 of 3rd period - Sam Reinhart is hit by Jarred Tinordi and loses puck.
10:01 of 3rd period - Snap shot by Nail Yakupov.
10:01 of 3rd period - Shot Misses the Net.
10:11 of 3rd period - Wrist shot by Kyle Platzer.
10:11 of 3rd period - Stopped by Darcy Kuemper without a rebound.
10:12 of 3rd period - Nick Cousins wins face-off versus Kyle Platzer in Sewer Rats zone.
10:19 of 3rd period - Niklas Hansson is hit by Stefan Elliott and loses puck.
10:38 of 3rd period - Sam Reinhart is hit by Tomas Tatar and loses puck.
12:06 of 3rd period - Snap shot by Anton Zlobin.
12:06 of 3rd period - Shot Misses the Net.
12:08 of 3rd period - Wrist shot by Anton Zlobin.
12:08 of 3rd period - Stopped by Darcy Kuemper with a rebound.
12:10 of 3rd period - Snap shot by Kyle Platzer.
12:10 of 3rd period - Deflect By Anton Zlobin.
12:10 of 3rd period - Shot Blocked by Joel Edmundson.
12:10 of 3rd period - Puck is out of play.
12:11 of 3rd period - Jonathan Marchessault wins face-off versus Sam Reinhart in Sewer Rats zone.
12:33 of 3rd period - Minor Penalty to Stefan Elliott for Tripping.
12:34 of 3rd period - Pontus Aberg wins face-off versus Mark Mancari in Sewer Rats zone.
12:43 of 3rd period - Snap shot by Pontus Aberg.
12:43 of 3rd period - Stopped by Darcy Kuemper without a rebound.
12:44 of 3rd period - Tomas Tatar wins face-off versus Sam Reinhart in Sewer Rats zone.
13:35 of 3rd period - Slapshot by Pontus Aberg.
13:35 of 3rd period - Deflect By Guillaume Desbiens.
13:35 of 3rd period - Shot Misses the Net.
13:35 of 3rd period - Puck is out of play.
13:36 of 3rd period - Cédric Lalonde-McNicoll wins face-off versus Mark Mancari in Sewer Rats zone.
13:49 of 3rd period - Snap shot by Michal Jordan.
13:49 of 3rd period - Deflect By Cédric Lalonde-McNicoll.
13:49 of 3rd period - Shot Blocked by Connor Carrick.
13:49 of 3rd period - Puck is out of play.
13:50 of 3rd period - Cédric Lalonde-McNicoll wins face-off versus Mark Mancari in Sewer Rats zone.
14:31 of 3rd period - Icing by William Colbert.
14:32 of 3rd period - Cédric Lalonde-McNicoll wins face-off versus Mark Mancari in Remparts zone.
14:33 of 3rd period - Penalty to Stefan Elliott is over, Stefan Elliott is back on ice.
14:37 of 3rd period - Slapshot by William Colbert.
14:37 of 3rd period - Stopped by Darcy Kuemper with a rebound.
14:39 of 3rd period - Slapshot by Griffin Reinhart.
14:39 of 3rd period - Stopped by Darcy Kuemper with a rebound.
15:15 of 3rd period - Slapshot by John Ramage.
15:15 of 3rd period - Stopped by Igor Bobkov without a rebound.
15:16 of 3rd period - Guillaume Desbiens wins face-off versus Nick Cousins in Remparts zone.
15:16 of 3rd period - Guillaume Desbiens is hit by Martin Frk.
15:33 of 3rd period - Stefan Elliott is hit by Michal Jordan and loses puck.
15:40 of 3rd period - Slapshot by Nick Cousins.
15:40 of 3rd period - Deflect By Joseph Blandisi.
15:40 of 3rd period - Stopped by Igor Bobkov without a rebound.
15:41 of 3rd period - Vincent Trocheck wins face-off versus Mitchell Heard in Remparts zone.
15:46 of 3rd period - Slapshot by Mark Mancari.
15:46 of 3rd period - Shot Misses the Net.
16:16 of 3rd period - Snap shot by Jonathan Marchessault.
16:16 of 3rd period - Deflect By Daniel Carr.
16:16 of 3rd period - Stopped by Igor Bobkov with a rebound.
16:22 of 3rd period - Minor Penalty to William Colbert for Hooking.
16:23 of 3rd period - Cédric Lalonde-McNicoll wins face-off versus Vincent Trocheck in Remparts zone.
17:58 of 3rd period - Jarred Tinordi is hit by Viktor Baldayev and loses puck.
18:22 of 3rd period - Penalty to William Colbert is over, William Colbert is back on ice.
18:43 of 3rd period - Minor Penalty to Martin Frk for Interference.
18:44 of 3rd period - Mark Mancari wins face-off versus Sam Reinhart in Sewer Rats zone.
18:44 of 3rd period - Mark Mancari is hit by William Colbert.
19:20 of 3rd period - Snap shot by Cédric Lalonde-McNicoll.
19:20 of 3rd period - Goal by Cédric Lalonde-McNicoll - Remparts : 6 - Sewer Rats : 3.
19:21 of 3rd period - Vincent Trocheck wins face-off versus Sam Reinhart in neutral zone.
19:24 of 3rd period - Slapshot by Jarred Tinordi.
19:24 of 3rd period - Stopped by Igor Bobkov with a rebound.
19:46 of 3rd period - Michal Jordan is hit by Jarred Tinordi and loses puck.
19:55 of 3rd period - Wrist shot by Jonathan Marchessault.
19:55 of 3rd period - Stopped by Igor Bobkov with a rebound.
Goals for this period are 3 for Remparts vs 1 for Sewer Rats.
Shots for this period are 11 for Remparts vs 13 for Sewer Rats.